[Event "Team 45 45 League T36"]
[Site "Internet Chess Club"]
[Date "2008.02.11"]
[Round "3"]
[White "nursey"]
[Black "Kittle"]
[Result "1/2-1/2"]
[WhiteElo "1679"]
[BlackElo "1669"]
[Opening "French: Winawer, advance variation"]
[ECO "C16"]
[Time "12:03:52"]
[TimeControl "2700+45"]

1. e4 e6 2. d4 d5 3. Nc3 Bb4 4. e5 Ne7 5. Bb5+ Bd7 6. Bxd7+ Qxd7 7. a3 Bxc3+ 8.
bxc3 c5 9. Nf3 Nbc6 10. O-O Ng6 11. Rb1 Rb8 12. Be3 c4 13. Bg5 h6 14. Be3 Qe7
15. a4 O-O 16. Re1 Nh4 17. Nxh4 Qxh4 18. Qe2 Ne7 19. Bc1 Nf5 20. Ba3 Rfd8 21. a5
b6 22. axb6 Rxb6 23. Rxb6 axb6 24. Ra1 Ra8 25. Bb2 Rxa1+ 26. Bxa1 Qg5 27. Bb2
Nh4 28. g3 Ng6 29. Kf1 Qf5 30. f4 h5 31. Ba3 h4 32. Ke1 hxg3 33. hxg3 Qh3 34.
Kf2 Qh2+ 35. Kf3 Qxe2+ 36. Kxe2 Nf8 37. Ke3 Nd7 38. g4 Nb8 39. Bd6 Nc6 40. Bc7
b5 41. Bd6 Kh7 42. f5 Kh6 43. fxe6 fxe6 44. Kf4 g5+ 45. Ke3 Kg6 46. Bc5 Nd8 47.
Bd6 Nf7 48. Bc5 Nh6 49. Kf3 Kf7 50. Kg3 Ng8 51. Bd6 Ne7 {Game drawn by mutual
agreement} 1/2-1/2

[Event "Team 45 45 League T36"]
[Site "Internet Chess Club"]
[Date "2008.02.08"]
[Round "3"]
[White "Raisingthebar"]
[Black "IceBox"]
[Result "1-0"]
[WhiteElo "2004"]
[BlackElo "1701"]
[Opening "French: advance, Wade variation"]
[ECO "C02"]
[Time "17:01:13"]
[TimeControl "2700+45"]

1. e4 e6 2. d4 d5 3. e5 c5 4. c3 Qb6 5. Nf3 Bd7 6. Be2 Bb5 7. O-O Bxe2 8. Qxe2
Nc6 9. dxc5 Bxc5 10. b4 Be7 11. Na3 a6 12. Nc2 Rc8 13. a4 Bd8 14. Ba3 Nge7 15.
Ncd4 Nxd4 16. cxd4 O-O 17. Rac1 Rxc1 18. Rxc1 Re8 19. b5 Nf5 20. Bc5 Qa5 21.
bxa6 bxa6 22. Qc2 h6 23. Rb1 Bc7 24. Bb4 Qb6 25. Bd6 Nxd4 26. Nxd4 Qxd4 27. Qxc7
Qxa4 28. h3 d4 29. Rb7 Qd1+ 30. Kh2 Qh5 31. Qc4 Qh4 32. g3 Qe4 33. Rb3 a5 34.
Rd3 Qe2 35. Qxd4 Rc8 36. Rd2 Qf3 37. Qd3 Qc6 38. Ra2 a4 39. Qa3 Ra8 40. Rb2 Qe4
41. Qe3 Qd5 42. Rb8+ Rxb8 43. Bxb8 Qb3 44. Bd6 Qc2 45. Qf3 Qb3 46. Qa8+ Kh7 47.
Qa7 Kg6 48. Qa5 Qc2 49. Qb6 Qe4 50. Qc5 Qe2 51. Qd4 Kh7 52. Bc5 Qc2 53. Kg2 Qb3
54. Qe4+ Kg8 55. Qa8+ Kh7 56. Qf3 Qb5 57. Bd6 Kg8 58. Kh2 Qc4 59. Qg4 Qb3 60.
Be7 a3 61. Bf6 g6 62. Qd4 Qb8 63. Qd2 g5 64. h4 Qb2 65. Qd8+ Kh7 66. Qh8+ Kg6
67. Kh3 gxh4 68. Qg8+ Kh5 69. Qg4# {Black checkmated} 1-0

[Event "Team 45 45 League T36"]
[Site "Internet Chess Club"]
[Date "2008.02.09"]
[Round "3"]
[White "Nosferatu1"]
[Black "FiendAngelical"]
[Result "0-1"]
[WhiteElo "1828"]
[BlackElo "1852"]
[Opening "King's Indian: East Indian defense"]
[ECO "A48"]
[Time "21:35:34"]
[TimeControl "2700+45"]

1. d4 Nf6 2. Nf3 g6 3. Nc3 d5 4. e3 Bg7 5. Bd3 O-O 6. Ne2 c5 7. c3 Bg4 8. h3
Bxf3 9. gxf3 Nbd7 10. Qb3 c4 11. Bxc4 dxc4 12. Qxc4 Nb6 13. Qb3 Qd5 14. Qxd5
Nbxd5 15. e4 Nb6 16. Nf4 e5 17. dxe5 Nfd7 18. e6 fxe6 19. Nxe6 Rxf3 20. Nxg7
Kxg7 21. Be3 Re8 22. Ke2 Rf7 23. f3 Kg8 24. b3 Ne5 25. f4 Nc6 26. Bxb6 axb6 27.
Ke3 Rfe7 28. e5 Rd7 29. Rad1 Red8 30. Rxd7 Rxd7 31. Rh2 Ne7 32. Rd2 Rxd2 33.
Kxd2 Nd5 34. h4 Nxf4 35. Ke3 Ng2+ 36. Kd4 Nxh4 37. Kc4 Nf5 38. Kd5 Kf7 39. c4 h5
40. b4 h4 41. Ke4 h3 42. Kf3 h2 43. Kg2 Ne3+ 44. Kxh2 Nxc4 {White resigns} 0-1

[Event "Team 45 45 League T36"]
[Site "Internet Chess Club"]
[Date "2008.02.11"]
[Round "3"]
[White "siddhu"]
[Black "cityprosecutor"]
[Result "0-1"]
[WhiteElo "1813"]
[BlackElo "1745"]
[Opening "Sicilian: Alapin's variation (2.c3)"]
[ECO "B22"]
[Time "14:06:19"]
[TimeControl "2700+45"]

1. e4 c5 2. c3 g6 3. d4 cxd4 4. cxd4 d5 5. Nc3 dxe4 6. Nxe4 Bg7 7. Nf3 Bg4 8.
Bb5+ Nd7 9. Qb3 Nf6 10. Nfg5 O-O 11. Bc4 Nxe4 12. Bxf7+ Kh8 13. Nxe4 Qa5+ 14.
Bd2 Qf5 15. f3 Bxf3 16. Rf1 Qxe4+ 17. Be3 Rxf7 18. gxf3 Rxf3 {White resigns} 0-1

[Event "Team 45 45 League T36"]
[Site "Internet Chess Club"]
[Date "2008.02.10"]
[Round "3"]
[White "mongmong"]
[Black "Bega"]
[Result "0-1"]
[WhiteElo "1711"]
[BlackElo "1779"]
[Opening "Queen's pawn: Yusupov-Rubinstein system"]
[ECO "A46"]
[Time "10:56:23"]
[TimeControl "2700+45"]

1. d4 Nf6 2. Nf3 e6 3. e3 b6 4. Bd3 Bb7 5. O-O c5 6. c4 d5 7. cxd5 Nxd5 8. Nc3
Be7 9. Bb5+ Nc6 10. Ne5 Qc7 11. Qa4 Rc8 12. Nxd5 exd5 13. dxc5 Qxe5 14. cxb6
axb6 15. Rb1 O-O 16. Bd2 Qe6 17. Rbc1 Rfd8 18. Rc2 Ne5 19. Rfc1 Rxc2 20. Rxc2
Nc4 21. Bc3 h6 22. b3 Nd6 23. Bd4 Nf5 24. Bd3 Ra8 25. Bxf5 Qxf5 {White resigns}
0-1

[Event "Team 45 45 League T36"]
[Site "Internet Chess Club"]
[Date "2008.02.10"]
[Round "3"]
[White "parrot9"]
[Black "clarinetref"]
[Result "1/2-1/2"]
[WhiteElo "1672"]
[BlackElo "1671"]
[Opening "Pirc defense"]
[ECO "B07"]
[Time "10:04:12"]
[TimeControl "2700+45"]

1. e4 d6 2. d4 Nf6 3. Nc3 g6 4. f3 c6 5. Be3 b5 6. Qd2 Nbd7 7. g4 Nb6 8. Bd3 b4
9. Nce2 a5 10. h4 h5 11. gxh5 Nxh5 12. O-O-O Ba6 13. Nh3 Bxd3 14. Qxd3 d5 15.
Nhf4 Nc4 16. Nxh5 Nxe3 17. Nf6+ exf6 18. Qxe3 Be7 19. Ng3 Qc7 20. h5 Qxg3 21.
hxg6 O-O-O 22. Rxh8 Rxh8 23. exd5 Bd6 24. Qe2 cxd5 25. Qa6+ Kd7 26. Qb5+ Ke7 27.
Qxd5 fxg6 28. Qe4+ Kf7 29. Qb7+ Bc7 30. Qd5+ Ke7 31. Qe4+ Kd7 32. Qd5+ Kc8 33.
Qa8+ Bb8 34. Qc6+ Qc7 35. Qe6+ Kb7 36. Qd5+ Qc6 37. Qf7+ Ka8 38. d5 Bf4+ 39. Kb1
Qc7 40. Qxf6 Be5 41. Qxg6 Bxb2 42. Kxb2 Qc3+ 43. Kb1 a4 44. Qa6+ Kb8 45. Qxa4
Rh3 46. Qb5+ Kc8 47. Qc6+ Qxc6 48. dxc6 Rxf3 49. Rd4 Kc7 50. Rc4 Rc3 51. Rxb4
Kxc6 52. Kb2 Rh3 53. Rb3 Rh4 54. Rc3+ Kb5 55. a3 Rf4 56. Rd3 Ka4 57. Rd8 Rg4 58.
Ra8+ Kb5 59. c3 Rh4 60. Kb3 Rf4 61. Rb8+ Ka6 62. c4 Rf1 63. Ka4 Rf4 64. Kb4 Rf1
65. Kc5 Rf5+ 66. Kb4 Rf1 67. Ra8+ Kb7 68. Ra5 Kc6 69. Rc5+ Kb6 70. Rb5+ Kc6 71.
a4 Rb1+ 72. Ka5 Rc1 73. Rb4 Kc5 74. Rb8 Kc6 75. Ka6 Kc7 76. Rb4 Rg1 77. a5 Rg6+
78. Rb6 Rg8 79. c5 Rf8 80. Rb7+ Kc6 81. Ka7 Kxc5 {Game drawn by mutual
agreement} 1/2-1/2

[Event "Team 45 45 League T36"]
[Site "Internet Chess Club"]
[Date "2008.02.10"]
[Round "3"]
[White "Gil-galad"]
[Black "JoshuaFranzj"]
[Result "1-0"]
[WhiteElo "2083"]
[BlackElo "1905"]
[Opening "QGD"]
[ECO "D52"]
[Time "14:58:14"]
[TimeControl "2700+45"]

1. d4 d5 2. c4 c6 3. Nf3 Nf6 4. Nc3 e6 5. Bg5 Nbd7 6. e3 dxc4 7. Bxc4 b5 8. Bd3
a6 9. O-O c5 10. d5 h6 11. dxe6 hxg5 12. exf7+ Kxf7 13. Be4 Nxe4 14. Qd5+ Ke8
15. Qxe4+ Be7 16. Qxa8 Qc7 17. Nd5 Qb7 18. Qxb7 Bxb7 19. Nxe7 Kxe7 20. Nxg5 Rh5
21. Nf3 Bxf3 22. gxf3 Ne5 23. f4 Nf3+ 24. Kg2 Nh4+ 25. Kg3 Nf5+ 26. Kg4 g6 27.
e4 Nh6+ 28. Kg3 Nf7 29. Rfd1 Nd6 30. f3 Nc4 31. b3 Ne3 32. Rd3 Nc2 33. Rc1 Nb4
34. Rd2 Nc6 35. Rd5 Rxd5 36. exd5 {Black resigns} 1-0

[Event "Team 45 45 League T36"]
[Site "Internet Chess Club"]
[Date "2008.02.10"]
[Round "3"]
[White "frothyjowels"]
[Black "The7thGuest"]
[Result "1/2-1/2"]
[WhiteElo "1855"]
[BlackElo "2069"]
[Opening "Caro-Kann: closed (Breyer) variation"]
[ECO "B10"]
[Time "10:00:30"]
[TimeControl "2700+45"]

1. e4 c6 2. d3 g6 3. Nf3 Bg7 4. g3 d6 5. Bg2 Nf6 6. Nbd2 O-O 7. O-O e5 8. c3 h6
9. Re1 Be6 10. d4 Nh5 11. Qe2 Qd7 12. Nf1 Bh3 13. Be3 Bxg2 14. Kxg2 Qg4 15. N1d2
Nd7 16. Rad1 exd4 17. Nxd4 Qxe2 18. Rxe2 Nb6 19. f4 Rfe8 20. Kf3 Nf6 21. b3 d5
22. e5 Nfd7 23. Bg1 Nf8 {Game drawn by mutual agreement} 1/2-1/2

[Event "Team 45 45 League T36"]
[Site "Internet Chess Club"]
[Date "2008.02.08"]
[Round "3"]
[White "livis"]
[Black "alo"]
[Result "0-1"]
[WhiteElo "1942"]
[BlackElo "1831"]
[Opening "Two knights defense (Modern bishop's opening)"]
[ECO "C55"]
[Time "14:59:35"]
[TimeControl "2700+45"]

1. e4 e5 2. Nf3 Nc6 3. Bc4 Nf6 4. d3 d6 5. h3 h6 6. Be3 Be7 7. Qd2 Be6 8. Bb3 d5
9. exd5 Nxd5 10. O-O O-O 11. Nc3 Nxe3 12. Qxe3 Bxb3 13. axb3 Bd6 14. Qe4 Qe7 15.
Nb5 a6 16. Nxd6 Qxd6 17. c3 Rad8 18. Rfd1 f5 19. Qh4 Qf6 20. Qc4+ Qf7 21. b4 g5
22. Qxf7+ Rxf7 23. Ne1 Rfd7 24. Kf1 Kf7 25. Ke2 Kf6 26. b3 Ne7 27. Kd2 Nd5 28.
Kc2 Nf4 29. Ra5 Ke6 30. b5 axb5 31. Rxb5 b6 32. Rb4 Ra8 33. Kb2 Rad8 34. Kc2 Ra8
35. Ra4 Rxa4 36. bxa4 Rd5 37. Kb3 Kf6 38. f3 Ke6 39. Kc2 Ra5 40. Kb3 Rd5 41. g4
Nxh3 42. Nc2 fxg4 43. c4 Rd6 44. fxg4 Nf2 45. Rg1 Rxd3+ 46. Kb4 Kd6 47. Rf1 Rf3
48. Kb5 Rb3+ 49. Ka6 Nxg4 50. Rg1 Ne3 51. Na1 Ra3 52. Kb5 Rc3 53. Rh1 Nf5 54. a5
bxa5 55. c5+ Rxc5+ 56. Ka4 Rd5 57. Nb3 e4 58. Nxa5 e3 59. Nc4+ Kc5 60. Kb3 e2
61. Nb2 Nd4+ 62. Kc3 Nf3 {White resigns} 0-1

[Event "Team 45 45 League T36"]
[Site "Internet Chess Club"]
[Date "2008.02.10"]
[Round "3"]
[White "touchthis"]
[Black "Vael"]
[Result "1/2-1/2"]
[WhiteElo "1771"]
[BlackElo "1843"]
[Opening "Bird's opening"]
[ECO "A03"]
[Time "16:39:21"]
[TimeControl "2700+45"]

1. f4 d5 2. Nf3 Nf6 3. e3 e6 4. b3 Be7 5. Bb2 c5 6. Bb5+ Bd7 7. a4 Nc6 8. O-O
O-O 9. d3 a6 10. Bxc6 Bxc6 11. Ne5 Qc7 12. Nd2 b5 13. axb5 axb5 14. Qe2 Rxa1 15.
Rxa1 Ra8 16. Qe1 Qb7 17. Ndf3 b4 18. Nxc6 Qxc6 19. Ne5 Qb7 20. g4 Ra6 21. Rxa6
Qxa6 22. Qa1 Qxa1+ 23. Bxa1 Bd6 24. h3 Ne8 25. Kg2 Nc7 26. Nf3 {Game drawn by
mutual agreement} 1/2-1/2

[Event "Team 45 45 League T36"]
[Site "Internet Chess Club"]
[Date "2008.02.08"]
[Round "3"]
[White "matein7"]
[Black "alegro"]
[Result "0-1"]
[WhiteElo "1968"]
[BlackElo "2154"]
[Opening "King's Indian, 3.Nf3"]
[ECO "E61"]
[Time "11:04:32"]
[TimeControl "2700+45"]

1. d4 Nf6 2. Nf3 g6 3. c4 Bg7 4. Nc3 O-O 5. e4 c5 6. e5 Ne8 7. d5 d6 8. e6 fxe6
9. dxe6 Bxe6 10. Ng5 Bf7 11. Bd3 Nf6 12. Qf3 Nc6 13. Bf4 Qd7 14. O-O Nh5 15.
Nxh7 Nd4 16. Qd1 Nxf4 17. Nxf8 Rxf8 18. Ne2 Nxd3 19. Qxd3 Qg4 20. f3 Nxe2+ 21.
Qxe2 Qxc4 22. Qxe7 Bxb2 23. Rab1 Qd4+ 24. Kh1 b5 25. Rfd1 Qe5 26. Qxa7 b4 27.
Qa6 Bd4 28. a4 bxa3 29. Qxa3 Bd5 30. Re1 Qf4 31. Qd3 Qf5 32. Qd2 Kg7 33. Re7+
Rf7 34. Rbe1 Qf6 35. Rxf7+ Qxf7 36. Qg5 Bf6 37. Qf4 Bc3 38. Qxf7+ Kxf7 39. Rd1
Bd4 40. h4 Bb3 41. Rd3 Bc4 42. Rd2 d5 43. Kh2 Be3 44. Rb2 d4 45. Rb7+ Kf6 46.
Rb6+ Kg7 47. g4 d3 48. Rb7+ Bf7 49. Kg3 d2 50. Rd7 Bd4 {White resigns} 0-1

[Event "Team 45 45 League T36"]
[Site "Internet Chess Club"]
[Date "2008.02.09"]
[Round "3"]
[White "jakesnake"]
[Black "SONIA"]
[Result "1-0"]
[WhiteElo "1918"]
[BlackElo "1949"]
[Opening "English opening"]
[ECO "A13"]
[Time "21:59:27"]
[TimeControl "2700+0"]

1. c4 e6 2. Nc3 d5 3. cxd5 exd5 4. d4 c6 5. g3 Nf6 6. Bg2 Nbd7 7. e3 Bd6 8. Nge2
O-O 9. O-O Re8 10. f3 h5 11. Qc2 Nf8 12. a3 h4 13. g4 Bxg4 14. fxg4 Nxg4 15. Qf5
Bxh2+ 16. Kh1 Nh6 17. Qh5 Bc7 18. e4 Ng6 19. Bxh6 gxh6 20. Qxh6 Re6 21. e5 Qe8
22. Rg1 Qf8 23. Qh5 Rd8 24. Bh3 {Black resigns} 1-0

[Event "Team 45 45 League T36"]
[Site "Internet Chess Club"]
[Date "2008.02.09"]
[Round "3"]
[White "RedAttack"]
[Black "ivanson"]
[Result "1-0"]
[WhiteElo "1996"]
[BlackElo "1873"]
[Opening "King's Indian: fianchetto, classical variation"]
[ECO "E67"]
[Time "19:02:23"]
[TimeControl "2700+45"]

1. Nf3 Nf6 2. d4 g6 3. g3 Bg7 4. c4 O-O 5. Bg2 d6 6. Nc3 Nbd7 7. O-O e5 8. dxe5
dxe5 9. Bg5 h6 10. Be3 Ng4 11. Bc1 c6 12. h3 Ngf6 13. b3 Qc7 14. Qc2 Nc5 15. Bb2
Bf5 16. Qd2 Rad8 17. Qc1 Rfe8 18. Nh4 Bc8 19. Qe3 b6 20. Rfd1 Ne6 21. Ne4 Nxe4
22. Qxe4 Ng5 23. Qxc6 Nxh3+ 24. Kf1 Qe7 25. Rxd8 Rxd8 26. Bd5 Ng5 27. Nxg6 Bh3+
28. Kg1 Qb4 29. Bxe5 Bxe5 30. Nxe5 Qc3 31. Bxf7+ Kf8 32. Qxh6+ Ke7 33. Qxg5+
{Black resigns} 1-0

[Event "Team 45 45 League T36"]
[Site "Internet Chess Club"]
[Date "2008.02.11"]
[Round "3"]
[White "MrShaw"]
[Black "cesaralexander"]
[Result "0-1"]
[WhiteElo "1909"]
[BlackElo "1928"]
[Opening "French: Tarrasch, open variation"]
[ECO "C07"]
[Time "16:15:18"]
[TimeControl "2700+45"]

1. e4 e6 2. d4 d5 3. Nd2 c5 4. exd5 Qxd5 5. Ngf3 cxd4 6. Bc4 Qd6 7. O-O Nf6 8.
Nb3 Nc6 9. Nbxd4 Nxd4 10. Nxd4 a6 11. a4 Be7 12. b4 Qc7 13. Qe2 O-O 14. Ba3 Bd7
15. Bb3 Qc3 16. Nxe6 fxe6 17. Bxe6+ Bxe6 18. Qxe6+ Rf7 19. Rfd1 Bxb4 20. Bxb4
Qxb4 {White resigns} 0-1

[Event "Team 45 45 League T36"]
[Site "Internet Chess Club"]
[Date "2008.02.10"]
[Round "3"]
[White "searchforbobby1"]
[Black "mitus"]
[Result "1/2-1/2"]
[WhiteElo "2156"]
[BlackElo "1897"]
[Opening "Center game: Berger variation"]
[ECO "C22"]
[Time "17:36:10"]
[TimeControl "2700+45"]

1. e4 e5 2. d4 exd4 3. Qxd4 Nc6 4. Qe3 Nf6 5. Nc3 Be7 6. Bd2 d5 7. exd5 Nxd5 8.
Nxd5 Qxd5 9. Ne2 Bf5 10. Nf4 Qe4 11. Bb5 O-O 12. O-O Qxe3 13. Bxe3 Ne5 14. c3 a6
15. Be2 Bd6 16. h3 Rfe8 17. Rfd1 Ng6 18. Nxg6 Bxg6 19. Rd2 h6 20. Rad1 Re7 21.
Rd4 Rae8 22. Bf3 Be4 23. Rxe4 Rxe4 24. Bxe4 Rxe4 25. b3 f5 26. Rd3 Kf7 27. Kf1
h5 28. c4 Re6 29. Bd2 Be5 30. Rd5 c6 31. Rd7+ Re7 32. Rxe7+ Kxe7 33. Ke2 Ke6 34.
Kd3 g6 35. Bg5 Kd6 36. f3 Ke6 37. g4 Kd7 38. Be3 Kd6 39. Bb6 Bf6 40. a4 Bb2 41.
Ba7 Ke6 42. Bd4 fxg4 43. fxg4 hxg4 44. hxg4 Bxd4 45. Kxd4 b6 46. b4 Kd6 47. b5
axb5 48. cxb5 cxb5 49. axb5 g5 50. Ke4 Ke6 51. Kd4 Kd6 52. Ke4 Ke6 {Game drawn
by mutual agreement} 1/2-1/2

[Event "Team 45 45 League T36"]
[Site "Internet Chess Club"]
[Date "2008.02.08"]
[Round "3"]
[White "rss"]
[Black "keisher415"]
[Result "0-1"]
[WhiteElo "1763"]
[BlackElo "1940"]
[Opening "Réti: King's Indian attack"]
[ECO "A05"]
[Time "17:59:10"]
[TimeControl "2700+45"]

1. Nf3 Nf6 2. g3 g6 3. Bg2 Bg7 4. O-O d5 5. d3 O-O 6. Nbd2 Nc6 7. e4 dxe4 8.
dxe4 Bg4 9. Re1 Qc8 10. c3 Rd8 11. Qc2 Nd7 12. h3 Be6 13. Ng5 Nde5 14. Nxe6 Qxe6
15. Kh2 Nd3 16. Re3 Nce5 17. f4 Nxc1 18. fxe5 Bh6 19. Nf1 Bxe3 20. Nxe3 Nd3 21.
Nd5 Qxe5 22. Qxd3 e6 23. Ne7+ Kg7 24. Qe3 Rd7 25. Nxg6 hxg6 26. Rf1 b6 27. Rf2
Rad8 28. Qf3 f6 29. h4 Rd3 30. Qf4 Qxf4 31. gxf4 Rd2 {White resigns} 0-1

[Event "Team 45 45 League T36"]
[Site "Internet Chess Club"]
[Date "2008.02.07"]
[Round "3"]
[White "Archdruid"]
[Black "chess9397"]
[Result "1-0"]
[WhiteElo "1797"]
[BlackElo "1799"]
[Opening "Sicilian: Smith-Morra gambit"]
[ECO "B21"]
[Time "21:04:40"]
[TimeControl "2700+45"]

1. e4 c5 2. d4 cxd4 3. c3 dxc3 4. Nxc3 Nc6 5. Nf3 g6 6. Bc4 Bg7 7. Bf4 d6 8. O-O
Nf6 9. e5 Nh5 10. Bxf7+ Kxf7 11. e6+ Ke8 12. Bg5 Bf6 13. Bh6 Bxe6 14. Ng5 Bf5
15. g4 Nf4 16. gxf5 Bxg5 17. Bxg5 Nh3+ 18. Kh1 Nxg5 19. f4 Nf7 20. Re1 gxf5 21.
Qh5 Qb6 22. Nd5 Qa5 23. Nf6+ Kd8 24. Qxf7 exf6 25. Qxf6+ Kc7 26. Rad1 Qc5 27. b4
Qxb4 28. Rb1 Qxf4 29. Qg7+ Ne7 30. Qxe7+ Kc6 31. Qxb7+ {Black resigns} 1-0

[Event "Team 45 45 League T36"]
[Site "Internet Chess Club"]
[Date "2008.02.07"]
[Round "3"]
[White "reijo"]
[Black "OOB1"]
[Result "1-0"]
[WhiteElo "1654"]
[BlackElo "1506"]
[Opening "QGD: exchange, positional line"]
[ECO "D35"]
[Time "12:24:59"]
[TimeControl "2700+45"]

1. d4 d5 2. c4 e6 3. Nc3 Nf6 4. cxd5 exd5 5. Bg5 Be6 6. Qb3 b6 7. e3 Be7 8. Bd3
h6 9. Bh4 Nbd7 10. Rc1 c5 11. Bb1 c4 12. Qc2 g6 13. Nf3 Bf5 14. Qa4 Bxb1 15.
Bxf6 Bxf6 16. Rxb1 O-O 17. Nxd5 Bg7 18. Qxc4 Rc8 19. Qxc8 Qxc8 20. Ne7+ Kh7 21.
Nxc8 Rxc8 22. O-O Rc7 23. Rbc1 Rb7 24. Rc2 Nb8 25. Rfc1 Na6 26. a3 g5 27. h3 Re7
28. b4 b5 29. Rc6 Nb8 30. Rc7 Rxc7 31. Rxc7 f6 32. Rxa7 Nc6 33. Rb7 Kg6 34. Rxb5
Bf8 35. d5 Ne7 36. a4 Nf5 37. a5 Nd6 38. Rb8 Kf7 39. a6 {Black resigns} 1-0

[Event "Team 45 45 League T36"]
[Site "Internet Chess Club"]
[Date "2008.02.09"]
[Round "3"]
[White "kevrose07"]
[Black "fledermaus"]
[Result "1/2-1/2"]
[WhiteElo "1938"]
[BlackElo "1933"]
[Opening "Caro-Kann: advance variation"]
[ECO "B12"]
[Time "10:27:52"]
[TimeControl "2700+45"]

1. e4 c6 2. d4 d5 3. e5 Bf5 4. Nf3 e6 5. Be2 c5 6. c3 Nc6 7. O-O Bg4 8. Be3 Bxf3
9. Bxf3 cxd4 10. cxd4 Nge7 11. Bg4 Nf5 12. Nc3 Qd7 13. a3 Be7 14. b4 O-O 15. Rc1
Rac8 16. Qd3 Bd8 17. Nb5 Nxe3 18. fxe3 f5 19. exf6 Bxf6 20. e4 dxe4 21. Qxe4
Nxd4 22. Rxc8 Rxc8 23. Rd1 Rd8 24. Nxd4 Bxd4+ 25. Kh1 Kh8 26. Bxe6 Qc7 27. h3
Bb6 28. Rxd8+ Qxd8 29. Bd5 Qf8 30. Bxb7 Qf1+ 31. Kh2 Bc7+ 32. g3 Qf2+ 33. Qg2
Bxg3+ 34. Kh1 Qe1+ 35. Qg1 Qxg1+ 36. Kxg1 Bd6 {Game drawn by mutual agreement}
1/2-1/2

[Event "Team 45 45 League T36"]
[Site "Internet Chess Club"]
[Date "2008.02.09"]
[Round "3"]
[White "Grenadier"]
[Black "AntonioMendonca"]
[Result "1/2-1/2"]
[WhiteElo "1683"]
[BlackElo "1732"]
[Opening "Sicilian: Alapin's variation (2.c3)"]
[ECO "B22"]
[Time "12:39:32"]
[TimeControl "2700+45"]

1. e4 c5 2. c3 Nf6 3. e5 Nd5 4. Bc4 Nb6 5. Bb3 c4 6. Bc2 Nc6 7. Nf3 Qc7 8. Qe2
g5 9. d4 cxd3 10. Bxd3 g4 11. Nd4 Qxe5 12. Nxc6 Qxe2+ 13. Bxe2 dxc6 14. Bf4 Bf5
15. Nd2 O-O-O 16. O-O-O h5 17. Nc4 Nxc4 18. Bxc4 f6 19. Rhe1 e5 20. Be3 Bh6 21.
Rxd8+ Kxd8 22. Rd1+ Kc7 23. Bxh6 Rxh6 24. Bd3 Bxd3 25. Rxd3 f5 26. Kd2 Rd6 27.
Ke3 Rxd3+ 28. Kxd3 Kd6 29. b4 b5 30. c4 a6 31. g3 c5 32. a3 e4+ 33. Kc3 cxb4+
34. axb4 bxc4 35. Kxc4 Kc6 36. Kd4 Kd6 37. Kc4 Kc6 38. Kd4 Kb6 39. Kc4 a5 40.
bxa5+ Kxa5 41. Kc5 Ka4 42. Kc4 Ka3 43. Kc3 Ka2 44. Kc2 Ka3 45. Kc3 Ka4 46. Kc4
Ka5 47. Kc5 Ka6 48. Kc6 h4 49. gxh4 f4 50. h5 e3 51. fxe3 fxe3 52. h6 e2 53. h7
e1=Q 54. h8=Q Qh1+ 55. Kc5 Qc1+ 56. Kd5 Qd2+ 57. Qd4 Qg2+ 58. Qe4 Qd2+ 59. Ke5
Qxh2+ 60. Qf4 Qh8+ 61. Ke4 Qe8+ 62. Kd3 Qb5+ 63. Ke3 Qc5+ 64. Ke2 Qe7+ 65. Kf2
Qh4+ 66. Qg3 Qf6+ 67. Kg2 Qb2+ 68. Qf2 {Game drawn by mutual agreement} 1/2-1/2

[Event "Team 45 45 League T36"]
[Site "Internet Chess Club"]
[Date "2008.02.10"]
[Round "3"]
[White "shakkiipe"]
[Black "bmw2002"]
[Result "1-0"]
[WhiteElo "1690"]
[BlackElo "1671"]
[Opening "English, 1...Nf6 (Anglo-Indian defense)"]
[ECO "A15"]
[Time "05:08:51"]
[TimeControl "2700+45"]

1. c4 Nf6 2. g3 g6 3. Bg2 Bg7 4. Nc3 c5 5. a3 Nc6 6. Rb1 Rb8 7. b4 b6 8. Bxc6
dxc6 9. bxc5 Bf5 10. Rb3 bxc5 11. Rxb8 Qxb8 12. Nf3 O-O 13. O-O Rd8 14. d3 e5
15. Qc2 Qd6 16. Nh4 Bh3 17. Ng2 Ng4 18. Ne4 Qe7 19. Qa4 f5 20. Bg5 Bf6 21. Nxf6+
Nxf6 22. Qxc6 Qd6 23. Qxd6 Rxd6 24. Rb1 e4 25. Nf4 Bg4 26. h3 exd3 27. hxg4 d2
28. Nd3 Ne4 29. Bf4 Rd7 30. Rd1 Nc3 31. Rxd2 Kf7 32. Ne5+ {Black resigns} 1-0

[Event "Team 45 45 League T36"]
[Site "Internet Chess Club"]
[Date "2008.02.11"]
[Round "3"]
[White "cgrau"]
[Black "RingLord"]
[Result "1/2-1/2"]
[WhiteElo "1722"]
[BlackElo "1554"]
[Opening "Queen's pawn, Mason variation"]
[ECO "D00"]
[Time "19:03:04"]
[TimeControl "2700+45"]

1. d4 d5 2. Bf4 Nf6 3. e3 c5 4. Nf3 Qb6 5. Nc3 Nc6 6. Nb5 e5 7. Nxe5 c4 8. Nxc4
dxc4 9. Nc7+ Kd7 10. Nxa8 Qa5+ 11. Qd2 Bb4 12. c3 Bd6 13. Bxd6 Kxd6 14. Bxc4 Be6
15. Bxe6 Kxe6 16. c4 Qxd2+ 17. Kxd2 Kd7 18. Nb6+ axb6 19. f3 Ra8 20. e4 Nxd4 21.
Kd3 Ne6 22. Ke3 Kc6 23. Rhd1 Nc5 24. b4 Ra3+ 25. Ke2 Ne6 26. g3 Nd7 27. f4 Nf6
28. Rd3 Ra8 29. Ke3 Ng4+ 30. Kd2 Nf2 31. Re3 Ng4 32. Rd3 Nf2 33. Re3 Ng4 {Game
drawn by mutual agreement} 1/2-1/2